 Dungeon Crawl Stone Soup version 0.18-a0-1720-g8df8b1a (webtiles) character file.

57 hypersmh the Grasshopper (level 3, -1/16 HPs)
             Began as a Felid Warper on Apr 9, 2016.
             Slain by Grinder (2 damage)
             ... while paralysed by Grinder
             ... on level 3 of the Dungeon.
             The game lasted 00:02:48 (1802 turns).

hypersmh the Grasshopper (Felid Warper)             Turns: 1802, Time: 00:02:48

Health: -1/16      AC:  1    Str:  7    XL:     3   Next: 73%
Magic:  7/7        EV:  4    Int: 15    God:
Gold:   197        SH:  0    Dex: 15    Spells: 1 memorised, 5 levels left
                                        Lives:  0   Deaths: 0

rFire  . . .     SeeInvis +       - Unarmed
rCold  . . .     Gourm    .     (armour unavailable)
rNeg   . . .     Faith    .     (shield unavailable)
rPois  .         Spirit   .     (helmet unavailable)
rElec  .         Dismiss  .     (cloak unavailable)
rCorr  .         Reflect  .     (gloves unavailable)
SustAt .         Harm     .     (boots unavailable)
MR     .....                    (no amulet)
Stlth  ++........               (no ring)
                                (no ring)

@: paralysed, very slightly contaminated, hasted, quick, not resistant to
hostile enchantments, unstealthy
A: no armour, no weapons or thrown items, claws 1, fangs 3, see invisible,
carnivore 3, speed 1, shaggy fur 1, slow metabolism 1, sharp paws
a: no special abilities


You were on level 3 of the Dungeon.
You were not hungry.

You visited 1 branch of the dungeon, and saw 3 of its levels.

You collected 197 gold pieces.

Inventory:

Hand Weapons
 k - a +1 vampiric dagger
Wands
 o - a wand of paralysis (8/24)
Scrolls
 b - a scroll of blinking
 e - a scroll of random uselessness {unknown}
 g - a scroll of enchant armour {unknown}
 j - a scroll of amnesia {unknown}
 m - a scroll of enchant weapon {unknown}
 n - a scroll of remove curse {unknown}
Potions
 d - a potion of cancellation
 f - a potion of curing
 p - a potion of brilliance
Books
 a - a book of Spatial Translocations

   Spells                             Type                      Level
   a - Apportation                    Translocation                1
   b - Blink                          Translocation                2
   c - Shroud of Golubria             Charms/Translocation         2
   d - Portal Projectile              Translocation                3
   e - Teleport Other                 Translocation                3
   f - Passage of Golubria            Translocation                4
Comestibles
 c - 2 meat rations
 i - a royal jelly
 l - 2 slices of pizza


   Skills:
 - Level 2.0 Fighting
 - Level 3.2 Dodging
 - Level 1.1 Stealth
 * Level 4.0 Unarmed Combat
 - Level 2.0 Spellcasting
 - Level 4.4 Translocations


You had 5 spell levels left.
You knew the following spells:

 Your Spells              Type           Power        Failure   Level  Hunger
a - Apportation           Tloc           ##........   4%          1    #......


Dungeon Overview and Level Annotations

Branches:
Dungeon (3/15)

Altars:
Fedhas

Annotations:
D:3 Grinder


Innate Abilities, Weirdness & Mutations

You cannot wear armour.
You are incapable of wielding weapons or throwing items.
You have sharp claws.
You have razor-sharp teeth.
You have supernaturally acute eyesight.
You are carnivorous and can eat meat at any time.
You cover ground quickly.
You are covered in fur (AC +1).
You have a slow metabolism.
Your sharp claws are effective at attacking unaware monsters.


Message History

The giant cockroach is almost dead.
Grinder shouts!
The giant cockroach closely misses you.
Grinder moves out of view.
You scratch the giant cockroach.
You kill the giant cockroach!
Drink which item? (? for menu, Esc to quit)
You feel yourself speed up.
You are very lightly contaminated with residual magic.
Grinder completely misses you.
You completely miss Grinder. Grinder gestures at you.
You suddenly lose the ability to move!
Grinder gestures at you. Pain shoots through your body! Grinder hits you.
You writhe in agony.
* * * LOW HITPOINT WARNING * * *
Grinder hits you.
* * * LOW HITPOINT WARNING * * *
You writhe in agony.
You die...

.. ####.#
[...#####
###....#
#.....###.......
#####...........
###....####....
#...#### #####
####.##......
##....# ......
#.@#### .....(
#.5## ......
....# ......
...... ......
.####


You could see Grinder.

Vanquished Creatures
  An ooze (D:2)
  2 worms (D:2)
  A dart slug (D:1)
  A ball python (D:1)
  4 giant cockroaches
  6 goblins (D:2)
  6 hobgoblins
  3 jackals (D:2)
  7 kobolds
  4 bats
  5 giant newts
  4 rats
44 creatures vanquished.

Notes
Turn   | Place    | Note
--------------------------------------------------------------
     0 | D:1      | hypersmh the Felid Warper began the quest for the Orb.
     0 | D:1      | Reached XP level 1. HP: 9/9 MP: 4/4
   181 | D:1      | Reached XP level 2. HP: 3/13 MP: 6/6
  1024 | D:2      | Found a blossoming altar of Fedhas.
  1026 | D:2      | Reached skill level 1 in Stealth
  1030 | D:2      | Reached XP level 3. HP: 16/16 MP: 7/7
  1791 | D:3      | Noticed Grinder
  1799 | D:3      | Paralysed by Grinder for 6 turns
  1802 | D:3      | Slain by Grinder

Vault maps used:
D:1:      dpeg_arrival_stone_temple_mockup, nrook_mini_vaults, st_stairs_1,
          grunt_decor_arrowhead
D:2:      forest_paths, fedhas_altar_3
D:3:      yredelemnul_forgotten_temple_becter, uniq_grinder

Skill      XL: |  1  2  3 |
---------------+----------+-----
Unarmed Combat | 3 4 |  4.0
Stealth        | 1 |  1.1
Fighting       | |  2.0
Dodging        | |  3.2
Spellcasting   | |  2.0
Translocations | |  4.4

Action                   || total
-------------------------++-------
Melee: Unarmed           ||   130
  Use: Scroll            ||     4
       Potion            ||     1
 Stab: Sleeping          ||    10
  Eat: Chunk             ||     3
